 Dungeon Crawl Stone Soup version 0.30-b1-2-g02819fbbbe (webtiles) character file.

Game seed: 4717153127011288420

762 LLlMATKO the Chopper (level 7, 0/63 HPs)
             Began as a Minotaur Berserker on Aug 9, 2023.
             Was a Believer of Trog.
             Slain by diceflayer's ghost (3 damage)
             ... on level 4 of the Dungeon.
             The game lasted 00:03:31 (4088 turns).

LLlMATKO the Chopper (Minotaur Berserker)           Turns: 4088, Time: 00:03:32

Health: 0/63       AC:  8    Str: 23    XL:     7   Next: 51%
Magic:  6/6        EV: 13    Int:  4    God:    Trog [**....]
Gold:   272        SH: 10    Dex: 10    Spells: 6/6 levels left

rFire   . . .        a - +0 hand axe
rCold   . . .        m - +0 tower shield
rNeg    . . .        j - +1 scale mail
rPois   .            (helmet restricted)
rElec   .            (no cloak)
rCorr   .            (no gloves)
SInv    .            (no boots)
Will    .....        (no amulet) Stlth
                     b - +5 ring of evasion
HPRegen 0.30/turn    (no ring)
MPRegen 0.10/turn

%: no passive effects
@: lethally poisoned (0 -> -7), on berserk cooldown, slowed, very slow
A: horns 2, retaliatory headbutt
a: Renounce Religion, Berserk, Trog's Hand


You were on level 4 of the Dungeon.
You worshipped Trog.
Trog was pleased with you.
You visited 1 branch of the dungeon, and saw 4 of its levels.
You also visited: Sewer.

You collected 272 gold pieces.

Inventory:

Hand Weapons
 a - a +0 hand axe (weapon)
 o - a +1 scythe of flaming
Armour
 j - a +1 scale mail (worn)
 m - a +0 tower shield (worn)
Jewellery
 b - a +5 ring of evasion (left hand)
Wands
 p - a wand of mindburst (15)
Scrolls
 i - 4 scrolls of identify
 k - a scroll of fear {unknown}
 l - a scroll of magic mapping {unknown}
 r - a scroll of amnesia {unknown}
Potions
 c - 3 potions of heal wounds
 d - a potion of brilliance {unknown}
 e - a potion of magic {unknown}
 f - a potion of curing {unknown}
 g - 3 potions of haste
 h - a potion of might {unknown}
 n - 2 potions of resistance {unknown}
 q - a potion of berserk rage {unknown}
 s - 2 potions of lignification {unknown}


   Skills:
 + Level 6.1 Fighting
 + Level 6.1 Axes
 + Level 5.4 Armour
 + Level 5.0 Dodging
 + Level 1.3 Shields


You had 6 spell levels left.
You didn't know any spells.
Your spell library was empty.

Dungeon Overview and Level Annotations

Branches:
Dungeon (4/15)              Sewer (visited)
 Temple: D:4-7

Altars:

Shops:
D:4 *

Annotations:
D:4 1 transporter, diceflayer's ghost, amateur DsGl


Innate Abilities, Weirdness & Mutations

You have a pair of horns on your head.
You reflexively headbutt those who attack you in melee.


Message History

You are exhausted.
You feel yourself slow down.
You feel sick. You block diceflayer's ghost's attack.
You miss diceflayer's ghost.
Diceflayer's ghost is moderately damaged.
You feel sick. You block diceflayer's ghost's attack.
Diceflayer's ghost hits you but does no damage.
You are more poisoned.
You completely miss diceflayer's ghost.
Diceflayer's ghost is moderately damaged.
You feel very sick.
Diceflayer's ghost hits you but does no damage.
You completely miss diceflayer's ghost.
Your headbutt misses diceflayer's ghost.
Diceflayer's ghost is moderately damaged.
You feel the effects of Trog's Hand fading.
You feel very sick.
Diceflayer's ghost hits you but does no damage.
You are more poisoned.
Diceflayer's ghost misses you.
You completely miss diceflayer's ghost.
Your headbutt misses diceflayer's ghost.
Diceflayer's ghost is moderately damaged.
You feel very sick. You block diceflayer's ghost's attack.
Diceflayer's ghost hits you.
* * * LOW HITPOINT WARNING * * *
You are more poisoned.
You completely miss diceflayer's ghost.
Diceflayer's ghost is moderately damaged.
* * * LOW HITPOINT WARNING * * *
You feel extremely sick. You block diceflayer's ghost's attack.
Diceflayer's ghost barely misses you.
Unknown command.
You completely miss diceflayer's ghost.
Diceflayer's ghost is moderately damaged.
Your skin stops crawling.
You feel less strong-willed.
* * * LOW HITPOINT WARNING * * *
You feel very sick. Diceflayer's ghost hits you.
You die...

#####.....##.######## #.....##.#
##### ################..#
######### #.....©#..#######
##.......# #.#..#.#........###
....>..#.# #..##..#...#.......
##.....#.# #..##..#...#..#.#..
##.....#.######.#).#$#©..#.#...#.
..............#©@)..!#.......∩...
#.........#####.#W.#.#©.#..#...#.
#.[.......# #..##..#......#.#..
#......#.## #..##..#..##.......
#........# #.#..#.#..###..####
.......### #......#..# #.##
#.###### #########..###.## #...#
#.# ######...# ###.# ##'## #...#


You could see diceflayer's ghost.

Vanquished Creatures
  Sigmund (D:2)
  Pargi (Sewer)
  2 ogres (D:4)
  A scorpion (D:4)
  3 hounds
  An orc priest (D:3)
  A sleepcap (D:3)
  Robin (D:2)
  5 adders
  4 orcs (D:3)
  7 ball pythons
  7 endoplasms
  A giant cockroach (D:3)
  17 goblins
  8 hobgoblins
  3 jackals (D:2)
  5 quokkas
  10 bats
  7 frilled lizards
  3 kobolds
  A rat (D:1)
89 creatures vanquished.

Vanquished Creatures (others)
  A fungus (D:3)
  A plant (D:3)
2 creatures vanquished.

Grand Total: 91 creatures vanquished

Notes
Turn   | Place    | Note
-------+----------+-------------------------------------------
     0 | D:1      | LLlMATKO the Minotaur Berserker began the quest for the
                  | Orb.
     0 | D:1      | Reached XP level 1. HP: 19/19 MP: 0/0
   283 | D:1      | Reached XP level 2. HP: 25/27 MP: 1/1
  1058 | D:2      | Reached XP level 3. HP: 31/33 MP: 2/2
  1227 | D:2      | Reached ** piety under Trog
  1296 | D:2      | Noticed Robin
  1316 | D:2      | Killed Robin
  1317 | D:2      | Reached XP level 4. HP: 41/41 MP: 3/3
  1730 | D:2      | Noticed Sigmund
  1738 | D:2      | Killed Sigmund
  1739 | D:2      | Reached skill level 5 in Fighting
  1739 | D:2      | Reached skill level 5 in Axes
  1739 | D:2      | Reached XP level 5. HP: 48/48 MP: 4/4
  2167 | D:3      | Reached XP level 6. HP: 50/56 MP: 5/5
  2667 | D:3      | Found a faded altar of an unknown god.
  3088 | D:4      | Found a glowing drain.
  3099 | Sewer    | Entered a sewer
  3125 | Sewer    | Noticed Pargi
  3133 | Sewer    | Killed Pargi
  3224 | D:4      | Reached skill level 5 in Armour
  3224 | D:4      | Reached XP level 7. HP: 62/62 MP: 6/6
  3390 | D:4      | Found Joywiw's Overcharged Wands.
  3393 | D:4      | Found a transporter.
  3400 | D:4      | Found a transporter.
  3586 | D:4      | Noticed diceflayer's ghost (amateur DsGl)
  3594 | D:4      | Identified the +2 dire flail of the Heart {flame, rPois
                  | Will+ Int-4 SInv}
  4078 | D:4      | Reached skill level 5 in Dodging
  4078 | D:4      | Reached skill level 1 in Shields
  4088 | D:4      | HP: 3/63 [poisoned by diceflayer's ghost]
  4088 | D:4      | Slain by diceflayer's ghost

Illustrated notes

Levels and vault maps discovered:
D:1:      mrwooster_arrival_statue, layout_basic, serial_curves, eino_curves_02,
          eino_curves_04
D:2:      layout_loops_cross, uniq_sigmund, uniq_robin
D:3:      layout_basic, shapermc_ecumenical_altar_ellora
D:4:      layout_loops_corners, gammafunk_ghost_smash, portal_sewer_entry_d,
          dk_vineyard_3, nicolae_shop_overcharged_wands

Skill      XL: |  1  2  3  4  5  6  7 |
---------------+----------------------+-----
Fighting       | 4 5 6 |  6.1
Axes           | 4 5 6 |  6.1
Armour         | 3 4 5 |  5.4
Dodging        | 3 4 5 |  5.0
Shields        | 1 |  1.3

Action                     |  1- 3 |  4- 6 |  7- 9 || total
---------------------------+-------+-------+-------++-------
  Melee: Hand axe          |    76 |    80 |    19 ||   175
         Headbutt          |    13 |    10 |       ||    23
 Invoke: Berserk           |     1 |     3 |     1 ||     5
         Trog's Hand       |       |       |     1 ||     1
    Use: Scroll            |       |     6 |       ||     6
 Armour: Animal skin       |     9 |       |       ||     9
         Scale mail        |    11 |    15 |     3 ||    29
  Dodge: Dodged            |    54 |    71 |    11 ||   136
  Block: Tower shield      |       |       |     8 ||     8
